 Dungeon Crawl Stone Soup version 0.31-a0-1576-ga3383bade6 (webtiles) character file.

Game seed: 12771964648587125184

144997 case the Slayer (level 17, -5/128 HPs)
             Began as a Gargoyle Fighter on Jan 5, 2024.
             Was the Champion of the Shining One.
             Slain by a spriggan rider
             ... wielding a +0 spear
             ... led by a spriggan druid
              (23 damage)
             ... on level 4 of the Swamp.
             The game lasted 00:51:55 (20671 turns).

case the Slayer (Gargoyle Fighter)                 Turns: 20671, Time: 00:51:56

Health: -5/128     AC: 50    Str: 25    XL:     17   Next: 18%
Magic:  25/25      EV:  5    Int: 10    God:    the Shining One [******]
Gold:   2751       SH: 17    Dex: 11    Spells: 16/16 levels left

rFire   . . .        X - +9 eveningstar (holy)
rCold   + + .        c - +0 buckler
rNeg    + + +        m - +2 crystal plate armour {rC+}
rPois   ∞            H - +0 hat
rElec   +            k - +0 cloak
rCorr   .            L - +2 pair of gloves
SInv    .            r - +2 pair of boots
Will    +....        C - amulet of regeneration Stlth
                     i - +4 ring of protection
HPRegen 1.21/turn    I - ring "Lusera" {rC+ rN+}
MPRegen 0.19/turn

%: no passive effects
@: divinely shielded, on berserk cooldown, flying, slowed, glowing, very slow
A: sickness immunity, AC +12, big wings, negative energy resistance 1,
electricity resistance, torment resistance 1, petrification resistance
a: Renounce Religion, Divine Shield, Cleansing Flame, Summon Divine Warrior


You were on level 4 of the Swamp.
You worshipped the Shining One.
The Shining One was exalted by your worship.
You visited 5 branches of the dungeon, and saw 24 of its levels.
You also visited: Gauntlet and Ice Cave.

You collected 2988 gold pieces.
You spent 237 gold pieces at shops.

Inventory:

Hand Weapons
 b - a +2 scimitar of flaming
 X - a +9 eveningstar of holy wrath (weapon)
Missiles
 A - a throwing net
Armour
 c - a +0 buckler (worn)
 k - a +0 cloak (worn)
 m - a +2 crystal plate armour of cold resistance (worn)
 r - a +2 pair of boots (worn)
 H - a +0 hat (worn)
 J - the +2 ice dragon scales of Qist {+Blink rF- rC++ Int+3}
   (You found it in an ice cave)

   Int+3:     It affects your intelligence (+3).
   rF-:       It makes you vulnerable to fire.
   rC++:      It greatly protects you from cold.
   +Blink:    It lets you blink.
 L - a +2 pair of gloves (worn)
 W - a +0 troll leather armour
 Z - the +5 fire dragon scales "Mydiacih" {rF++ rC- Str-2 Dex+3 Stlth+}
   (You found it on level 1 of the Lair of Beasts)

   Str-2:     It affects your strength (-2).
   Dex+3:     It affects your dexterity (+3).
   rF++:      It greatly protects you from fire.
   rC-:       It makes you vulnerable to cold.
   Stlth+:    It makes you more stealthy.
Jewellery
 a - a +4 ring of protection
 i - a +4 ring of protection (left hand)
 l - a ring of protection from cold
 q - a ring of ice
 t - an amulet of reflection
 C - an amulet of regeneration (around neck)
 I - the ring "Lusera" (right hand) {rC+ rN+}
   (You found it in an ice cave)

   [ring of protection from cold]

   rC+:       It protects you from cold.
   rN+:       It protects you from negative energy.
Wands
 h - a wand of flame (16)
 y - a wand of mindburst (8)
 E - a wand of digging (15)
 U - a wand of roots (5)
Scrolls
 e - 16 scrolls of teleportation
 g - 3 scrolls of immolation
 j - 3 scrolls of fear
 o - 4 scrolls of revelation
 v - 3 scrolls of fog
 x - a scroll of identify
 G - 7 scrolls of blinking
 M - a scroll of poison
 N - a scroll of amnesia
 P - a scroll of silence
 Q - 3 scrolls of vulnerability
Potions
 d - 4 potions of might
 f - 3 potions of resistance
 n - 2 potions of magic
 p - 3 potions of mutation
 s - 3 potions of attraction
 u - 6 potions of brilliance
 w - a potion of invisibility
 z - 4 potions of haste
 B - a potion of berserk rage
 D - 2 potions of heal wounds
 F - 5 potions of curing
 K - 3 potions of lignification
 O - a potion of enlightenment
 Y - 3 potions of degeneration


   Skills:
 * Level 22.2 Fighting
 - Level 16.3 Maces & Flails
 + Level 14.4 Armour
 + Level 10.3 Shields
 * Level 10.9 Invocations


You had 16 spell levels left.
You didn't know any spells.
Your spell library contained the following spells:

 Spells                   Type           Power      Damage    Failure   Level
 Kiss of Death            Conj/Necr      0%         2d5       100%        1
 Sting                    Conj/Alch      0%         1d3       100%        1
 Mercury Vapours          Alch/Air       0%         N/A       100%        2
 Static Discharge         Conj/Air       0%         3-3/arc   100%        2
 Confusing Touch          Hex            0%         N/A       100%        3
 Dazzling Flash           Conj/Hex       0%         N/A       100%        3
 Fugue of the Fallen      Necr           0%         N/A       100%        3
 Gell's Gravitas          Tloc           0%         N/A       100%        3
 Ozocubu's Armour         Ice            0%         N/A       100%        3
 Teleport Other           Tloc           0%         N/A       100%        3
 Vampiric Draining        Necr           0%         2d6       100%        3
 Volatile Blastmotes      Fire/Tloc      0%         2d10      100%        3
 Airstrike                Air            0%         2d(0-16)  100%        4
 Animate Dead             Necr           0%         N/A       100%        4
 Dispel Undead            Necr           0%         3d6       100%        4
 Flame Wave               Conj/Fire      0%         2d4       100%        4
 Leda's Liquefaction      Alch/Erth      0%         N/A       100%        4
 Manifold Assault         Tloc           0%         N/A       100%        4
 Olgreb's Toxic Radiance  Alch           0%         N/A       100%        4
 Summon Lightning Spire   Summ/Air       0%         N/A       100%        4
 Lee's Rapid Deconstruct  Erth           0%         3d4*      100%        5
 Bombard                  Conj/Erth      0%         9d1       100%        6
 Dispersal                Tloc           0%         N/A       100%        6
 Starburst                Conj/Fire      0%         6d3       100%        6
 Maxwell's Capacitive Co  Air            0%         ∞         100%        8
 Fire Storm               Conj/Fire      0%         5d1       100%        9


Dungeon Overview and Level Annotations

Branches:
Dungeon (12/15)            Temple (1/1) D:4            Lair (5/5) D:9
  Swamp (4/4) Lair:3        Snake (0/4) Lair:3        Slime (0/5) Lair:5
    Orc (2/2) D:12            Elf (0/3) Orc:2         IceCv (visited)
Gauntlet (visited)

Altars:
Ashenzari
Cheibriados
Dithmenos
Elyvilon
Fedhas
Gozag
Hepliaklqana
Kikubaaqudgha
Makhleb
Nemelex Xobeh
Okawaru
Qazlal
Ru
Sif Muna
Trog
Uskayaw
Vehumet
Wu Jian
Xom
Yredelemnul
Zin
The Shining One
Jiyva
Lugonu

Shops:
D:1 *   Orc:2 =[[([

Annotations:
Lair:2 3 runed translucent doors, exclusions: ice statue and oklob plant, xnavy's ghost, journeyman OnCA
Lair:5 exclusion: obsidian statue


Innate Abilities, Weirdness & Mutations

You are immune to sickness and miasma.
Your stone body is resilient. (AC +12)
You are immune to poison.
Your large and strong wings let you fly.
You resist negative energy. (rN+)
You are resistant to electric shocks. (rElec)
You are resistant to unholy torment.
You are immune to petrification.


Message History

The spriggan rider completely misses you.
The death drake bites you but does no damage.
You block the spriggan rider's attack. The death drake bites you!
* * * LOW HITPOINT WARNING * * *
The death drake rages.
The spriggan rider attacks as it pursues you!
You block the spriggan rider's attack.
The death drake bites you but does no damage.
You block the spriggan rider's attack.
The spriggan druid calls out to the beasts of the wild!
The death drake bites you but does no damage.
The spriggan rider hits you but does no damage.
An alligator comes into view.
Branches wave dangerously above you.
The spriggan rider attacks as it pursues you!
You block the spriggan rider's attack. The death drake barely misses you.
You block the spriggan rider's attack.
The death drake bites you but does no damage.
You see here a vampire mosquito corpse.
As you read the scroll of fear, it crumbles to dust.
You assume a fearsome visage.
The red devil resists with almost no effort.
The death drake is unaffected.
The smoke demon looks frightened!
The orange demon looks frightened!
The ogre mage looks frightened!
The orc sorcerer looks frightened!
The swamp dragon looks frightened!
The spriggan druid resists with almost no effort.
The spriggan rider is unaffected.
The alligator looks frightened!
The death drake bites you but does no damage.
You block the spriggan rider's attack.
An alligator comes into view.
You block the death drake's attack.
The ogre mage cries, "Oh dear!
Oh dear!"
The ogre mage casts a spell.
The ogre mage flickers and vanishes for a moment.
The spriggan rider hits you but does no damage.
The death drake bites you but does no damage.
The death drake bites you!
* * * LOW HITPOINT WARNING * * *
The spriggan rider hits you from afar with a +0 spear!!
You die...

♣♣♣♣♣♣.)~~~~l.~♣
♣~~~♣~÷†§~~~♣♣♣
♣♣~~.♣~~~~O~.♣
♣...~~~l~~D..♣
♣♣♣♣♣~~...~~4~~~~♣♣
♣...~♣♣~~~~i~~~~~.♣
♣~~~~♣♣~~.~)i~~~~♣♣
♣~~§.♣♣~..~†k~..~♣♣
♣♣♣♣..~♣
♣♣.~~~@~~[.~♣ ♣~~~~.♣
♣♣.~†~~...♣♣ ♣.~~<.♣♣
♣♣♣♣.~~.~~♣♣
♣♣......♣♣♣..†~~.♣♣♣♣
♣.~.~..~.~[~~~♣♣♣♣
.~~......♣~~~~♣
~~~..~..♣♣.~.~♣
~~.~~~~~♣♣♣♣♣♣♣
~..~~§.♣♣


You could see a death drake (berserk), a swamp dragon (fleeing), an alligator, a
spriggan rider (berserk), an ogre mage (invisible, fleeing), a spriggan druid
and a red devil (summoned).

Vanquished Creatures
  2 thorn hunters
  An azure jelly (IceCv)
  2 fenstrider witches
  An orc warlord (Orc:2)
  3 ghouls (Swamp:3)
  4 eleionomae
  Azrael (D:12)
  3 bunyips
  4 dire elephants (Lair:5)
  An ettin (Orc:2)
  Snorg (D:11)
  Fannar (Lair:3)
  A shambling mangrove (Swamp:4)
  Josephine (Orc:2)
  7 hydras
  A catoblepas (Lair:3)
  8 ghost crabs
  A hell beast (Swamp:4)
  A spriggan air mage (Swamp:4)
  8 alligators
  6 two-headed ogres
  A centaur warrior (D:11)
  An ogre mage (Swamp:4)
  2 boulder beetles
  Erica (D:8)
  An orc high priest (Orc:2)
  Sonja (D:11)
  5 death yaks
  Urug (Lair:1)
  A sixfirhy (Swamp:4)
  3 skysharks
  The ghost of Sundig the Trooper, a novice DsFi of Gozag (D:7)
  5 goliath frogs
  A spectral anaconda (Lair:5)
  6 spriggan druids
  3 swamp dragons
  A lindwurm (Lair:5)
  5 bog bodies
  4 necromancers
  4 orc knights (Orc:2)
  An ugly thing (D:11)
  3 cyclopes (Orc:2)
  4 orc sorcerers
  A manticore (D:12)
  A moth of wrath (Swamp:4)
  3 meliai (D:11)
  Maurice (Orc:1)
  5 black mambas
  7 kobold blastminers
  4 apocalypse crabs (Swamp:2)
  A dire elephant zombie (Lair:5)
  21 elephants
  3 ice statues (IceCv)
  19 slime creatures
  A molten gargoyle (Lair:2)
  2 torpor snails
  15 cane toads
  2 kobold demonologists (D:11)
  An unseen horror (D:12)
  A rime drake (Lair:5)
  A freezing wraith (Lair:2)
  6 komodo dragons
  An efreet (D:9)
  4 polar bears
  8 trolls
  A bloated husk (Swamp:2)
  4 hornets
  4 dream sheep (Lair:3)
  10 tyrant leeches
  6 saltlings (Orc:2)
  A spectral elephant (Lair:5)
  14 blink frogs
  6 spriggans
  6 wyverns
  7 wraiths
  47 yaks
  4 fire elementals
  4 steam dragons
  6 basilisks
  9 wargs
  A death yak simulacrum (Lair:5)
  16 vampire mosquitoes
  16 swamp worms
  A chaos spawn (Swamp:4)
  2 nagas (Lair:3)
  5 hell hounds
  3 great orb of eyes simulacra (IceCv)
  15 water moccasins
  6 black bears
  21 orc warriors
  4 swamp drakes
  7 ice beasts
  8 ogres
  9 wolves
  3 elephant skeletons (Lair:5)
  3 centaurs
  4 slime creature simulacra (IceCv)
  A phantom (D:5)
  The ghost of Anos the Ducker, an amateur DEAE (D:6)
  2 kobold brigands
  2 gnoll sergeants
  16 bullfrogs
  2 glowing shapeshifter simulacra (IceCv)
  3 scorpions (D:5)
  9 wights
  An elephant simulacrum (Lair:5)
  11 killer bees
  An electric eel (D:8)
  A gnoll bouda (D:7)
  25 orc priests
  2 jellies
  A sleepcap (D:5)
  3 iguanas
  21 orc wizards
  7 hell rats (Lair:2)
  2 shapeshifter simulacra (IceCv)
  8 adders
  18 gnolls
  7 river rats (D:5)
  3 shadow imps
  5 white imps
  3 dart slugs
  A ribbon worm (D:2)
  62 orcs
  12 endoplasms
  3 giant cockroaches
  7 hobgoblins
  16 jackals (D:1)
  7 kobolds
  5 quokkas (D:5)
  6 ball pythons
  2 bats
  4 frilled lizards
  5 goblins
  21 rats
780 creatures vanquished.

Vanquished Creatures (collateral kills)
  A goliath frog (Swamp:4)
  A sixfirhy (Swamp:4)
  A will-o-the-wisp (Swamp:4)
  2 hornets (Swamp:4)
  A tyrant leech (Swamp:4)
6 creatures vanquished.

Vanquished Creatures (others)
  2 bloated husks
  11 foxfires (Swamp:4)
13 creatures vanquished.

Grand Total: 799 creatures vanquished

Notes
Turn   | Place    | Note
-------+----------+-------------------------------------------
     0 | D:1      | case the Gargoyle Fighter began the quest for the Orb.
     0 | D:1      | Reached XP level 1. HP: 14/14 MP: 1/1
   124 | D:1      | Reached XP level 2. HP: 19/19 MP: 2/2
   412 | D:1      | Reached XP level 3. HP: 19/23 MP: 3/3
   654 | D:1      | Found Ujusk's Assorted Antiques.
   820 | D:2      | Reached XP level 4. HP: 28/28 MP: 4/4
  1634 | D:2      | Reached XP level 5. HP: 32/32 MP: 5/5
  1732 | D:3      | Reached skill level 5 in Maces & Flails
  2050 | D:3      | Found a broken altar of Ashenzari.
  2628 | D:4      | Noticed a black bear
  2642 | D:4      | Killed a black bear
  2643 | D:4      | Reached XP level 6. HP: 36/37 MP: 6/6
  2881 | D:4      | Found a staircase to the Ecumenical Temple.
  2924 | D:4      | Noticed a black bear
  2930 | D:4      | Killed a black bear
  2931 | D:4      | Reached XP level 7. HP: 42/42 MP: 7/7
  2944 | Temple   | Entered the Ecumenical Temple
  2958 | Temple   | Became a worshipper of the Shining One
  3569 | D:5      | Entered Level 5 of the Dungeon
  3584 | D:5      | Found a hazy altar of Hepliaklqana.
  3807 | D:5      | Reached skill level 4 in Fighting
  3826 | D:5      | Found a glowing silver altar of Zin.
  3855 | D:5      | Reached XP level 8. HP: 34/48 MP: 8/8
  4351 | D:5      | Found a stormy altar of Qazlal.
  4400 | D:6      | Reached * piety under the Shining One
  4524 | D:6      | Reached skill level 10 in Maces & Flails
  4533 | D:6      | Reached skill level 5 in Fighting
  4533 | D:6      | Reached XP level 9. HP: 54/54 MP: 9/9
  4554 | D:6      | Reached skill level 5 in Armour
  4719 | D:6      | Found a burning altar of Makhleb.
  4762 | D:6      | Found a runed translucent gate.
  4788 | D:6      | Found a runed translucent gate.
  4789 | D:6      | Found a runed translucent gate.
  4791 | D:6      | Noticed Anos's ghost (amateur DEAE)
  4826 | D:6      | Killed Anos's ghost
  5217 | D:7      | Reached ** piety under the Shining One
  5221 | D:7      | Reached skill level 5 in Shields
  5240 | D:7      | Found a large runed translucent door.
  5240 | D:7      | Found a large runed translucent door.
  5246 | D:7      | Noticed Sundig's ghost (novice DsFi)
  5835 | D:7      | Killed Sundig's ghost
  5836 | D:7      | Reached skill level 6 in Fighting
  5836 | D:7      | Reached XP level 10. HP: 34/60 MP: 10/10
  5967 | D:8      | Noticed Erica
  5985 | D:8      | Killed Erica
  6180 | D:8      | Found a hide-covered altar of Uskayaw.
  6183 | D:8      | Found an opulent altar of Gozag.
  6221 | D:8      | Found a sparkling altar of Nemelex Xobeh.
  6221 | D:8      | Found an iron altar of Okawaru.
  6508 | D:8      | Reached skill level 15 in Maces & Flails
  6534 | D:8      | Identified the serpent talisman of Immorality {rElec rF-
                  | rC+++ Int+3}
  6648 | D:8      | Noticed a two-headed ogre
  6660 | D:8      | Killed a two-headed ogre
  6864 | D:8      | Found a basalt altar of Yredelemnul.
  6901 | D:8      | Reached skill level 7 in Fighting
  7088 | D:8      | Noticed a two-headed ogre
  7100 | D:8      | Killed a two-headed ogre
  7458 | D:9      | Found a blossoming altar of Fedhas.
  7487 | D:9      | Reached XP level 11. HP: 52/67 MP: 11/11
  7825 | D:9      | Reached *** piety under the Shining One
  7949 | D:10     | Entered Level 10 of the Dungeon
  8000 | D:10     | Noticed a two-headed ogre
  8010 | D:9      | Reached skill level 8 in Fighting
  8407 | D:9      | Found a snail-covered altar of Cheibriados.
  8487 | D:9      | Found a staircase to the Lair.
  8670 | D:9      | Found an ornate altar of the Wu Jian Council.
  8823 | D:10     | Found a white marble altar of Elyvilon.
  9056 | D:10     | Reached skill level 1 in Invocations
  9131 | D:10     | Killed a two-headed ogre
  9677 | D:11     | Found a gate leading to a gauntlet.
  9700 | Gauntlet | Entered a Gauntlet
  9700 | Gauntlet | Found a transporter.
  9710 | Gauntlet | Found a transporter.
  9710 | Gauntlet | Found a transporter.
  9711 | Gauntlet | Found a transporter.
  9717 | Gauntlet | Reached **** piety under the Shining One
  9719 | Gauntlet | Found a transporter.
  9722 | Gauntlet | Found a transporter.
  9723 | Gauntlet | Found a transporter.
  9725 | Gauntlet | Noticed a great orb of eyes
  9727 | Gauntlet | Found a runed translucent door.
  9727 | Gauntlet | Found a runed translucent door.
  9730 | Gauntlet | Noticed a brown ugly thing
  9731 | Gauntlet | Found a transporter.
  9731 | Gauntlet | Noticed a green ugly thing
  9734 | Gauntlet | Found a transporter.
  9735 | Gauntlet | Found a transporter.
  9743 | Gauntlet | Found a transporter.
  9746 | Gauntlet | Found a transporter.
  9747 | Gauntlet | Found a transporter.
  9751 | Gauntlet | Noticed a blizzard demon
  9755 | Gauntlet | Found a transporter.
  9835 | D:11     | Noticed a centaur warrior
  9848 | D:11     | Killed a centaur warrior
  9864 | D:11     | Noticed Sonja
  9885 | D:11     | Killed Sonja
  9886 | D:11     | Reached skill level 9 in Fighting
  9901 | D:11     | Noticed a cyan ugly thing
  9922 | D:11     | Killed a cyan ugly thing
  9923 | D:11     | Reached XP level 12. HP: 76/76 MP: 14/14
  9999 | D:11     | Noticed a soul eater
 10005 | D:11     | Reached ***** piety under the Shining One
 10048 | D:11     | Noticed a two-headed ogre
 10056 | D:11     | Killed a two-headed ogre
 10191 | Lair:1   | Entered Level 1 of the Lair of Beasts
 10192 | Lair:1   | Noticed Urug
 10208 | Lair:1   | Killed Urug
 10442 | Lair:1   | Reached skill level 10 in Fighting
 10452 | Lair:1   | Identified the +5 fire dragon scales "Mydiacih" {rF++ rC-
                  | Str-2 Dex+3 Stlth+}
 10631 | Lair:1   | Reached skill level 5 in Invocations
 10635 | Lair:1   | Noticed a death yak
 10637 | Lair:1   | Noticed a death yak
 10640 | Lair:1   | Killed a death yak
 10645 | Lair:1   | Killed a death yak
 10656 | Lair:1   | Identified a scroll of acquirement
 10678 | Lair:1   | Reached skill level 11 in Fighting
 11150 | Lair:2   | Reached skill level 12 in Fighting
 11160 | Lair:2   | Reached XP level 13. HP: 84/86 MP: 17/17
 11189 | Lair:2   | Acquired 735 gold pieces
 11312 | Lair:2   | Reached skill level 10 in Armour
 11476 | Lair:2   | Found a runed translucent gate.
 11477 | Lair:2   | Found a runed translucent gate.
 11479 | Lair:2   | Found a runed translucent gate.
 11482 | Lair:2   | Noticed xnavy's ghost (journeyman OnCA)
 11540 | Lair:2   | Reached skill level 13 in Fighting
 12141 | Lair:3   | Found a frozen archway.
 12150 | IceCv    | Entered an ice cave
 12351 | IceCv    | Reached skill level 14 in Fighting
 12388 | IceCv    | Reached ****** piety under the Shining One
 12477 | IceCv    | Found a viscous altar of Jiyva.
 12478 | IceCv    | Noticed an azure jelly
 12491 | IceCv    | Killed an azure jelly
 12522 | IceCv    | Got the ring "Lusera" {rC+ rN+}
 12523 | IceCv    | Identified the +2 ice dragon scales of Qist {+Blink rF-
                  | rC++ Int+3}
 12712 | Lair:3   | Found a staircase to the Swamp.
 12748 | Lair:3   | Noticed Fannar
 12759 | Lair:3   | Killed Fannar
 12760 | Lair:3   | Reached skill level 15 in Fighting
 12863 | Lair:3   | Found a staircase to the Snake Pit.
 12882 | Lair:3   | Gained mutation: Your large and strong wings let you fly.
                  | [Gargoyle growth]
 12882 | Lair:3   | Reached XP level 14. HP: 96/98 MP: 19/19
 13377 | Lair:4   | Reached skill level 16 in Fighting
 13936 | Lair:5   | Entered Level 5 of the Lair of Beasts
 14015 | Lair:5   | Reached skill level 17 in Fighting
 14136 | Lair:5   | Noticed a dire elephant
 14136 | Lair:5   | Noticed a dire elephant
 14243 | Lair:5   | Got the Grimoire of Decaying Ashes
 14280 | Lair:5   | Noticed a dire elephant
 14282 | Lair:5   | Noticed a dire elephant
 14286 | Lair:5   | Killed a dire elephant
 14296 | Lair:5   | Killed a dire elephant
 14337 | Lair:5   | Reached skill level 18 in Fighting
 14350 | Lair:5   | Killed a dire elephant
 14361 | Lair:5   | Killed a dire elephant
 14362 | Lair:5   | Reached XP level 15. HP: 88/108 MP: 21/21
 14378 | Lair:5   | Got an earthy gem with 160 turns to spare
 14535 | Lair:5   | Lost the earthy gem through the power of Zot.Gained a life
                  | (3 lives remaining)
 14625 | Lair:5   | Found a viscous altar of Jiyva.
 14625 | Lair:5   | Found a staircase to the Slime Pits.
 14994 | Swamp:1  | Entered Level 1 of the Swamp
 15215 | Swamp:1  | Noticed a thorn hunter
 15223 | Swamp:1  | Killed a thorn hunter
 15664 | D:11     | Noticed Snorg
 15671 | D:11     | Killed Snorg
 15672 | D:11     | Reached skill level 19 in Fighting
 16228 | D:12     | Noticed Azrael
 16330 | D:12     | Killed Azrael
 16545 | D:12     | Found a staircase to the Orcish Mines.
 16751 | Orc:1    | Entered Level 1 of the Orcish Mines
 16773 | Orc:1    | Noticed Maurice
 16779 | Orc:1    | Killed Maurice
 17228 | Orc:2    | Entered Level 2 of the Orcish Mines
 17541 | Orc:2    | Found Vuofuvo's Jewellery Shoppe.
 17579 | Orc:2    | Found a staircase to the Elven Halls.
 17736 | Orc:2    | Noticed Josephine
 17747 | Orc:2    | Killed Josephine
 17753 | Orc:2    | Reached skill level 20 in Fighting
 17883 | Orc:2    | Found Keimmu's Antique Weapon Shoppe.
 17915 | Orc:2    | Found Vuh Miud's Armour Shoppe.
 17935 | Orc:2    | Noticed an orc warlord
 17950 | Orc:2    | Killed an orc warlord
 17951 | Orc:2    | Reached XP level 16. HP: 86/119 MP: 23/23
 18012 | Orc:2    | Found Aroerear's Armour Shop.
 18148 | Orc:2    | Found Seirid's Armour Shoppe.
 18166 | Orc:2    | Bought a +0 hat for 52 gold pieces
 18166 | Orc:2    | Bought the +0 kite shield of Faqa {*Corrode rPois rN+} for
                  | 185 gold pieces
 19075 | Swamp:2  | Found a runed translucent door.
 19323 | Swamp:2  | Reached skill level 10 in Invocations
 19329 | Swamp:2  | Reached skill level 21 in Fighting
 19880 | Swamp:3  | Noticed a thorn hunter
 19905 | Swamp:3  | Killed a thorn hunter
 20037 | Swamp:3  | Reached skill level 10 in Shields
 20043 | Swamp:3  | Noticed a fenstrider witch
 20049 | Swamp:3  | Killed a fenstrider witch
 20307 | Swamp:4  | Entered Level 4 of the Swamp
 20445 | Swamp:4  | Identified a +9 eveningstar of holy wrath (a +9 heavy
                  | eveningstar blessed by the Shining One)
 20445 | Swamp:4  | Received a gift from the Shining One
 20467 | Swamp:4  | Reached XP level 17. HP: 91/128 MP: 23/25
 20490 | Swamp:4  | Reached skill level 22 in Fighting
 20671 | Swamp:4  | Slain by a spriggan rider

Illustrated notes

Levels and vault maps discovered:
D:1:      matt_arrival_diagonals, layout_loops_ring, serial_shops, shop,
          minmay_misc_feat_room, minmay_tripent
D:2:      layout_basic
D:3:      layout_loops_ring, ashenzari_conservatory_becter
D:4:      layout_gridville, temple_statues
D:5:      lemuel_ratsnest, layout_rooms, kennysheep_mini_moat,
          nicolae_qazlal_eye_of_the_storm, zin_statuary,
          minmay_manual_monstrance
D:6:      layout_rooms, makhleb_grotto_becter, ebering_ghost_rock_garden
D:7:      layout_gridville, ebering_ghost_disaster_area
D:8:      layout_loops_corners, mainiacjoe_overflow_concentric_impassable,
          nicolae_overflow_two_pavilions, nicolae_overflow_squiral, uniq_erica
D:9:      layout_cave_pods, pdpol_wu_jian_five_deadly_venoms,
          fedhas_bush_and_centaur_altar, mainiacjoe_overflow_six_doors_small,
          david_lair_shrubbed
D:10:     layout_basic, marbit_many_paths, enter_bailey_4
D:11:     layout_loops_ring, gauntlet_entry_generic, uniq_sonja, uniq_snorg
D:12:     layout_irregular_city, orc_0_dummy, uniq_azrael
Temple:   corrupted_temple
Lair:1:   layout_cave_pods, uniq_urug
Lair:2:   minmay_lair_oklob_tunnel, layout_gridlike, gammafunk_ghost_necromancy,
          ice2_lemuel
Lair:3:   layout_regular_city, swamp_mist_pool, guppyfry_snake_entry_garden,
          portal_ice_cave_entry_pillars_1, grunt_forest_large_clearings,
          uniq_fannar
Lair:4:   layout_misc_corridors, lemuel_fruit_fields, serial_bayou_shore_b
Lair:5:   due_jungle_book, layout_regular_city, slime_entry_1
Swamp:1:  layout_basic_swamp, nicolae_swamp_little_tower
Swamp:2:  gammafunk_mikee_crab_dinner, layout_falls_marsh,
          infiniplex_staircase_pool
Swamp:3:  nicolae_swamp_standing_stones, layout_basic_swamp,
          evilmike_swamp_ruin_house_3, swamp_pool_5
Swamp:4:  nzn_swamp_witches_coven, layout_basic_swamp,
          gammafunk_ghost_berserking_beasts
Orc:1:    layout_caves, mines5_lemuel, uniq_maurice
Orc:2:    hellmonk_orc_salted, layout_caves, serial_shops,
          nicolae_shop_real_fake_doors, basic_altar, uniq_josephine

Skill      XL: |  1  2  3  4  5  6  7  8  9 10 11 12 13 14 15 16 17 |
---------------+----------------------------------------------------+-----
Maces & Flails | 3 4 6 8 10 14 15 16 | 16.3
Armour         | 4 5 6 8 9 10 11 13 14 | 14.4
Fighting       | 4 5 6 7 9 12 15 18 20 21 22 | 22.2
Shields        | 4 5 6 8 9 10 | 10.3
Invocations    | 3 5 7 8 9 10 | 10.9

Action                     |  1- 3 |  4- 6 |  7- 9 | 10-12 | 13-15 | 16-18 || total
---------------------------+-------+-------+-------+-------+-------+-------++-------
  Melee: Flail             |   129 |   167 |   277 |   466 |       |       ||  1039
         Morningstar       |       |    33 |    60 |    25 |       |       ||   118
         Eveningstar       |       |       |       |   107 |   922 |   336 ||  1365
 Invoke: Divine Shield     |       |       |       |       |     2 |     1 ||     3
         Brand Weapon With |       |       |       |       |       |     1 ||     1
         Summon Divine War |       |       |       |       |       |     1 ||     1
Ability: Evoke Blink       |       |       |       |       |     1 |       ||     1
    Use: Scroll            |       |       |     4 |    13 |    11 |    12 ||    40
         Potion            |       |       |       |     1 |       |     1 ||     2
 Armour: Scale mail        |   114 |   166 |   184 |       |       |       ||   464
         Chain mail        |       |       |    64 |   399 |   107 |       ||   570
         Crystal plate arm |       |       |       |       |  1041 |   635 ||  1676
  Dodge: Dodged            |    71 |   107 |   122 |   164 |   225 |   108 ||   797
  Block: Buckler           |    39 |    54 |   121 |   192 |   292 |   151 ||   849
         Reflection        |       |       |       |     7 |       |       ||     7
         Kite shield       |       |       |       |       |       |    23 ||    23

Table legend: (Time is in decaauts)
 A = Elapsed time spent in this place.
 B = Non-inter-level travel time spent in this place.
 C = Inter-level travel time spent in this place.
 D = Time resting spent in this place.
 E = Time spent auto-exploring this place.
 F = Levels seen in this place.
 G = Mean time per level.
                   A        B        C        D        E       F      G
               +--------+--------+--------+--------+--------+-----+--------+
         Total |  20536 |  19251 |   1285 |   1020 |  13314 |  26 |  789.8 |
       Dungeon |  11340 |  10772 |    568 |    794 |   7754 |  12 |  945.0 |
        Temple |     28 |     28 |      0 |      0 |      0 |   1 |   28.0 |
          Lair |   4496 |   4028 |    468 |      0 |   3018 |   5 |  899.2 |
         Swamp |   2454 |   2288 |    166 |    195 |   1330 |   4 |  613.5 |
  Orcish Mines |   1690 |   1609 |     81 |     31 |   1068 |   2 |  845.0 |
      Ice Cave |    449 |    449 |      0 |      0 |    143 |   1 |  449.0 |
      Gauntlet |     76 |     76 |      0 |      0 |      0 |   1 |   76.0 |
               +--------+--------+--------+--------+--------+-----+--------+

Top non-repeatable levels by time:
     D:8: 1474 daAuts
     D:9: 1338 daAuts
     D:4: 1128 daAuts
   Orc:2: 1114 daAuts
  Lair:5: 1028 daAuts
  Lair:1: 995 daAuts
  Lair:3: 989 daAuts
 Swamp:3: 981 daAuts
    D:10: 955 daAuts
     D:2: 936 daAuts
    D:11: 905 daAuts
     D:7: 905 daAuts
  Lair:2: 883 daAuts
     D:1: 835 daAuts
     D:3: 813 daAuts
